 Dungeon Crawl Stone Soup version 0.31-a0-1074-g0b22e4e0f1 (webtiles) character file.

Game seed: 3685857587523922660

424 bmb222 the Ducker (level 6, -4/46 HPs)
             Began as a Demonspawn Gladiator on Dec 5, 2023.
             Slain by Pikel
             ... wielding a +0 whip of freezing
              (6 damage)
             ... on level 4 of the Dungeon.
             The game lasted 00:04:47 (2915 turns).

bmb222 the Ducker (Demonspawn Gladiator)            Turns: 2915, Time: 00:04:48

Health: -4/46      AC: 10    Str: 12 (14) XL:     6   Next: 64%
Magic:  6/6        EV: 11    Int:  7 (9)  God:
Gold:   278        SH:  0    Dex: 15 (17) Spells: 5/5 levels left

rFire   . . .        C - +2 hand axe (freeze)
rCold   . . .        (no shield)
rNeg    . . .        r - +0 ring mail
rPois   .            c - +0 helmet
rElec   .            (no cloak)
rCorr   .            q - +1 pair of gloves
SInv    .            (no boots)
Will    .....        (no amulet)
Stlth   +            (no ring)
HPRegen 0.27/turn    (no ring)
MPRegen 0.10/turn

%: no passive effects
@: no status effects
A: hooves 1, slimy green scales 1
a: no special abilities


You were on level 4 of the Dungeon.
You visited 1 branch of the dungeon, and saw 5 of its levels.

You collected 278 gold pieces.

Inventory:

Hand Weapons
 a - a +0 rapier
 u - a +5 hand axe
 A - a +2 long sword of protection
 C - a +2 hand axe of freezing (weapon)
Missiles
 d - 2 throwing nets (quivered)
 e - 4 javelins
 x - 6 poisoned darts
Armour
 b - a +0 leather armour
 c - a +0 helmet (worn)
 q - a +1 pair of gloves (worn)
 r - a +0 ring mail (worn)
Jewellery
 v - an amulet of faith
Wands
 y - a wand of flame (2)
Scrolls
 h - 2 scrolls of fear {unknown}
 j - a scroll of silence {unknown}
 k - a scroll of blinking {unknown}
 l - a scroll of immolation {unknown}
 m - a scroll of enchant armour {unknown}
 n - a scroll of vulnerability {unknown}
 o - 5 scrolls of identify {unknown}
 t - a scroll of teleportation
 w - a scroll of enchant weapon {unknown}
 z - a scroll of brand weapon {unknown}
Potions
 f - a potion of cancellation {unknown}
 p - a potion of magic {unknown}
 s - a potion of might {unknown}
 B - a potion of haste {unknown}


   Skills:
 + Level 2.8 Fighting
 - Level 3.5(3.6) Short Blades
 - Level 1.1(2.4) Long Blades
 * Level 3.0 Axes
 * Level 2.3 Throwing
 * Level 2.5 Armour
 - Level 3.6 Dodging
 - Level 0.5 Stealth


You had 5 spell levels left.
You didn't know any spells.
Your spell library was empty.

Dungeon Overview and Level Annotations

Branches:
Dungeon (5/15)
 Temple: D:4-7

Altars:

Annotations:
D:4 Pikel


Innate Abilities, Weirdness & Mutations

You have large cloven feet.
You are partially covered in slimy green scales. (AC +2)


Message History

Pikel freezes you.
You closely miss Pikel.
Pikel is heavily wounded.
You barely miss the lemure. Pikel hits you but does no damage.
The lemure barely misses you.
You barely miss Pikel. You kick Pikel.
Pikel is severely wounded.
You hit the lemure but do no damage.
Pikel hits you with a +0 whip of freezing.
Pikel freezes you. The lemure closely misses you.
You hit Pikel. You freeze Pikel. You kick Pikel, but do no damage.
Pikel is severely wounded.
You closely miss the lemure. Pikel barely misses you. The lemure hits you.
You miss Pikel.
Pikel is severely wounded.
You hit the lemure. You freeze the lemure.
Pikel hits you with a +0 whip of freezing.
Pikel freezes you. The lemure hits you!
* * * LOW HITPOINT WARNING * * *
You hit Pikel. You freeze Pikel. Your kick misses Pikel.
Pikel is almost dead.
You hit the lemure. You freeze the lemure.
Pikel says, "All the lords of Hell know my name!"
Pikel hits you with a +0 whip of freezing.
* * * LOW HITPOINT WARNING * * *
Pikel freezes you.
* * * LOW HITPOINT WARNING * * *
The lemure hits you but does no damage.
Okay, then.
You barely miss Pikel.
Pikel is almost dead.
You hit the lemure but do no damage.
Pikel hits you with a +0 whip of freezing.
* * * LOW HITPOINT WARNING * * *
Pikel freezes you.
* * * LOW HITPOINT WARNING * * *
The lemure closely misses you.
Pikel hits you with a +0 whip of freezing.
You die...
Pikel says, "Another soul for the market."

##.........###.###
##.........##....#
#................##
..................##
..##...............######
..##............<###....## ###
..#...............#......# #.#
..##....................####.####
...#............@.......###......
...#...........K5........##..#...
.....................#...#...#...
....................####.#......#
....................# ##.....#...
###.....##........#####......#...
####....##........#.#.......##..#
.#................).........##..#
.....##.....#....)..............#


You could see Pikel and a lemure.

Vanquished Creatures
  An ogre (D:4)
  A centaur (D:5)
  A lemure (D:4)
  2 hounds
  An orc priest (D:3)
  An orc wizard (D:5)
  4 adders (D:2)
  2 worms
  3 dart slugs
  7 orcs
  6 endoplasms
  3 giant cockroaches
  9 goblins
  9 hobgoblins
  10 jackals
  8 kobolds
  A quokka (D:1)
  6 ball pythons
  8 bats
  2 frilled lizards
  2 rats (D:1)
87 creatures vanquished.

Notes
Turn   | Place    | Note
-------+----------+-------------------------------------------
     0 | D:1      | bmb222 the Demonspawn Gladiator began the quest for the
                  | Orb.
     0 | D:1      | Reached XP level 1. HP: 16/16 MP: 1/1
   231 | D:1      | Gained mutation: You have large cloven feet. [demonic
                  | ancestry]
   231 | D:1      | Reached XP level 2. HP: 19/22 MP: 2/2
   524 | D:1      | Gained mutation: You are partially covered in slimy green
                  | scales. (AC +2) [demonic ancestry]
   524 | D:1      | Reached XP level 3. HP: 22/27 MP: 3/3
   927 | D:2      | Reached skill level 1 in Armour
  1049 | D:2      | Reached XP level 4. HP: 28/34 MP: 4/4
  1549 | D:3      | Reached skill level 1 in Axes
  1856 | D:3      | Reached XP level 5. HP: 39/39 MP: 5/5
  2257 | D:4      | Noticed an ogre
  2268 | D:4      | Killed an ogre
  2269 | D:4      | Reached XP level 6. HP: 37/46 MP: 6/6
  2620 | D:5      | Entered Level 5 of the Dungeon
  2620 | D:5      | Noticed Pikel
  2728 | D:5      | Reached skill level 1 in Long Blades
  2915 | D:4      | HP: 2/46 [Pikel/+0 whip of freezing (1)]
  2915 | D:4      | Slain by Pikel

Illustrated notes

Levels and vault maps discovered:
D:1:      elethiomel_arrival_maze, layout_rooms, st_stairs_12,
          serial_bayou_pond_d
D:2:      layout_rooms, feat_on_display
D:3:      layout_loops_corners, kennysheep_doodads
D:4:      layout_cave_pools, kennysheep_generic_room_5
D:5:      layout_cave_pools, ebering_ghost_rock_garden, chequers_mini_garden,
          uniq_blork_the_orc, uniq_pikel, uniq_prince_ribbit1

Skill      XL: |  1  2  3  4  5  6 |
---------------+-------------------+-----
Short Blades   | 3 |  3.5
Dodging        | 3 |  3.6
Armour         | 1 2 |  2.5
Axes           | 1 2 3 |  3.0
Throwing       | 2 |  2.3
Long Blades    | 1 |  1.1
Fighting       | |  2.8
Stealth        | |  0.5

Action                     |  1- 3 |  4- 6 || total
---------------------------+-------+-------++-------
  Melee: Rapier            |   112 |    10 ||   122
         Punch             |     2 |     1 ||     3
         Kick              |    19 |    43 ||    62
         Hand axe          |       |   108 ||   108
         Long sword        |       |    41 ||    41
  Throw: Throwing net      |       |     2 ||     2
         Dart              |       |     1 ||     1
  Evoke: Wand              |       |     6 ||     6
    Use: Potion            |       |     4 ||     4
         Scroll            |       |     1 ||     1
   Stab: Sleeping          |     1 |       ||     1
         Held in net/web   |       |     1 ||     1
 Armour: Leather armour    |    60 |     3 ||    63
         Ring mail         |       |   127 ||   127
  Dodge: Dodged            |    76 |   123 ||   199

Table legend: (Time is in decaauts)
 A = Elapsed time spent in this place.
 B = Non-inter-level travel time spent in this place.
 C = Inter-level travel time spent in this place.
 D = Time resting spent in this place.
 E = Time spent auto-exploring this place.
 F = Levels seen in this place.
 G = Mean time per level.
                   A        B        C        D        E       F      G
               +--------+--------+--------+--------+--------+-----+--------+
         Total |   2953 |   2876 |     77 |    143 |   2060 |   5 |  590.6 |
       Dungeon |   2953 |   2876 |     77 |    143 |   2060 |   5 |  590.6 |
               +--------+--------+--------+--------+--------+-----+--------+

Top non-repeatable levels by time:
     D:3: 836 daAuts
     D:1: 697 daAuts
     D:4: 689 daAuts
     D:2: 620 daAuts
     D:5: 109 daAuts
